[Event "GER-ch Youth U10 2020"]
[Site "Willingen"]
[Date "2020.10.29"]
[Round "4.21"]
[White "Blumenthal Tuset, Sebastian"]
[Black "Ahlers, Quentin"]
[Result "0-1"]
[ECO "C65"]
[WhiteElo "1453"]
[BlackElo "1425"]
[Annotator "NA RC"]
[PlyCount "154"]
[EventDate "2020.10.27"]
[EventType "swiss"]
[EventRounds "7"]
[EventCountry "GER"]
[SourceTitle "playchess.com"]
[Source "ChessBase"]
[SourceQuality "1"]
[TimeControl "40/4500+30:900+30"]

1. e4 e5 2. Nf3 Nc6 3. Bb5 Bc5 4. O-O Nf6 5. Nc3 d6 6. d3 h6 7. h3 O-O 8. Qe2 Nd4 9. Nxd4 Bxd4 10. Nd1 c6 11. Ba4 a5 12. c3 Ba7 13. Be3 b5 14. Bc2 Re8 15. a4 d5 16. Bxa7 Rxa7 17. Qf3 dxe4 18. dxe4 Qe7 19. Ne3 Rd8 20. Rad1 Rad7 21. axb5 cxb5 22. Rxd7 Rxd7 23. Rd1 Rxd1+ 24. Qxd1 Qd7 25. Qxd7 Nxd7 26. Nd5 Kf8 27. f3 f6 28. Kf2 Kf7 29. Ke3 Bb7 30. Nc7 Bc6 31. Bd3 b4 32. cxb4 axb4 33. Na6 b3 34. Bc4+ Ke7 35. Bxb3 Bb5 36. Nb4 Bf1 37. Nd5+ Kd6 38. Kf2 Bb5 39. g3 Nc5 40. Bc2 Bd3 41. Bd1 Bc4 42. Nb4 Nd3+ 43. Nxd3 Bxd3 44. Ke3 Bc4 45. Be2 Kc5 46. Bxc4 Kxc4 47. Kd2 Kb3 48. Kc1 g6 49. f4 Kc4 50. Kc2 Kd4 51. Kd2 Kxe4 52. fxe5 Kxe5 53. Ke3 f5 54. b4 Kd5 55. b5 h5 56. Kf4 Kc5 57. b6 Kxb6 58. Kg5 Kc5 59. Kxg6 h4 60. g4 f4 61. g5 f3 62. Kh7 f2 63. g6 f1=Q 64. g7 Qf5+ 65. Kh6 Qf6+ 66. Kh5 Qxg7 67. Kxh4 Kd6 68. Kh5 Ke6 69. h4 Qh7+ 70. Kg5 Kf7 71. h5 Qg7+ 72. Kh4 Kf6 73. Kh3 Qg5 74. Kh2 Kf5 75. Kh1 Kf4 76. Kh2 Kf3 77. Kh3 Qxh5# 0-1

[Event "GER-ch Youth U10 2020"]
[Site "Willingen"]
[Date "2020.10.29"]
[Round "4.22"]
[White "Nemitz, Alfred"]
[Black "Theviot, Luca"]
[Result "1/2-1/2"]
[ECO "B07"]
[WhiteElo "1287"]
[BlackElo "1423"]
[Annotator "NA RC"]
[PlyCount "147"]
[EventDate "2020.10.27"]
[EventType "swiss"]
[EventRounds "7"]
[EventCountry "GER"]
[SourceTitle "playchess.com"]
[Source "ChessBase"]
[SourceQuality "1"]
[TimeControl "40/4500+30:900+30"]

1. e4 d6 2. d4 Nf6 3. Nc3 e5 4. dxe5 dxe5 5. Qxd8+ Kxd8 6. Bc4 Be6 7. Bxe6 fxe6 8. f3 Bd6 9. Nh3 Ke7 10. Nf2 Nbd7 11. Nd3 a6 12. a4 h6 13. Be3 Rhf8 14. O-O-O Rab8 15. Ba7 Ra8 16. Be3 b6 17. b4 Nh5 18. Ne2 g5 19. h4 Nf4 20. Nexf4 gxf4 21. Bf2 Rg8 22. Rhg1 Rg7 23. g4 fxg3 24. Rxg3 Rxg3 25. Bxg3 Rf8 26. Rf1 h5 27. Kd2 Rg8 28. Rg1 a5 29. bxa5 bxa5 30. Bf2 Rxg1 31. Bxg1 Nb6 32. Bxb6 cxb6 33. Ne1 Bb4+ 34. c3 Bc5 35. Ng2 Kd6 36. Kd3 Kc6 37. Kc4 Bf2 38. f4 Bg3 39. fxe5 Bxe5 40. Ne3 Bg3 41. Ng2 e5 42. Kb3 b5 43. Ka3 Kc5 44. axb5 Kxb5 45. Kb3 a4+ 46. Ka3 Kc4 47. Ne3+ Kxc3 48. Nf5 Bf2 49. Ng7 Bxh4 50. Nxh5 Kd4 51. Kxa4 Kxe4 52. Ng7 Kd3 53. Nf5 Bg5 54. Kb5 Ke4 55. Nd6+ Kd5 56. Nf5 e4 57. Kb4 Ke5 58. Ng3 e3 59. Kc3 Kf4 60. Ne2+ Kf3 61. Kd3 Kf2 62. Nc1 Bf6 63. Ne2 Bb2 64. Nf4 Kf3 65. Ne2 Ba3 66. Nd4+ Kf2 67. Ne2 Bb2 68. Nf4 Kf3 69. Ne2 Ba1 70. Ng1+ Kf2 71. Ne2 Bb2 72. Nf4 Bc1 73. Ne2 Bd2 74. Nd4 1/2-1/2

[Event "GER-ch Youth U10 2020"]
[Site "Willingen"]
[Date "2020.10.29"]
[Round "4.23"]
[White "Conrad, Marius"]
[Black "Ehrath, Hendrik"]
[Result "1/2-1/2"]
[ECO "C54"]
[WhiteElo "1645"]
[BlackElo "1193"]
[Annotator "NA RC"]
[PlyCount "100"]
[EventDate "2020.10.27"]
[EventType "swiss"]
[EventRounds "7"]
[EventCountry "GER"]
[SourceTitle "playchess.com"]
[Source "ChessBase"]
[SourceQuality "1"]
[TimeControl "40/4500+30:900+30"]

1. e4 e5 2. Nf3 Nc6 3. Bc4 Bc5 4. c3 Nf6 5. d3 d5 6. exd5 Nxd5 7. O-O Bg4 8. Nbd2 O-O 9. h3 Bh5 10. Ne4 Be7 11. Re1 Bf6 12. Nxf6+ Nxf6 13. Bg5 Re8 14. b4 a6 15. a4 b6 16. Re3 Rf8 17. Qb3 Qe7 18. Bd5 Qd6 19. Bc4 Rad8 20. Rae1 Rde8 21. Bxa6 Nd5 22. Re4 Nf6 23. Bxf6 Qxf6 24. R4e3 Nb8 25. Bb5 c6 26. Bc4 Re7 27. d4 e4 28. Nd2 Bg6 29. Qc2 Rfe8 30. Nxe4 Bxe4 31. Rxe4 g6 32. Rxe7 Rxe7 33. Rxe7 Qxe7 34. Qd2 Nd7 35. Qf4 Nf6 36. Qb8+ Kg7 37. Qxb6 Qe1+ 38. Kh2 Qxc3 39. Qc5 Qc1 40. g3 Qc2 41. d5 cxd5 42. Bxd5 Qxc5 43. bxc5 Nxd5 44. a5 Nb4 45. Kg2 Kf6 46. Kf3 Ke5 47. Kg4 h6 48. f4+ Ke6 49. h4 f5+ 50. Kf3 h5 1/2-1/2

[Event "GER-ch Youth U10 2020"]
[Site "Willingen"]
[Date "2020.10.29"]
[Round "4.24"]
[White "Sewerinow, Alexander"]
[Black "Goldkuhle, Collin"]
[Result "1-0"]
[ECO "B35"]
[WhiteElo "1202"]
[BlackElo "1418"]
[Annotator "NA RC"]
[PlyCount "79"]
[EventDate "2020.10.27"]
[EventType "swiss"]
[EventRounds "7"]
[EventCountry "GER"]
[SourceTitle "playchess.com"]
[Source "ChessBase"]
[SourceQuality "1"]
[TimeControl "40/4500+30:900+30"]

1. e4 c5 2. Nf3 g6 3. d4 cxd4 4. Nxd4 Bg7 5. Nc3 Nc6 6. Be3 Nf6 7. Bc4 O-O 8. f3 a6 9. Qd2 Qc7 10. O-O-O Nxd4 11. Bxf7+ Rxf7 12. Bxd4 b5 13. a3 Qd6 14. e5 Qb8 15. exf6 exf6 16. Ne4 Bb7 17. h4 Bxe4 18. fxe4 h5 19. Rhg1 Kh7 20. g4 Bh6 21. Be3 Bxe3 22. Qxe3 Qe5 23. Kb1 Rc8 24. Rde1 Qh2 25. gxh5 Qxc2+ 26. Ka1 gxh5 27. Qg3 Kh8 28. Qg6 Qd2 29. Qxf7 Qxe1+ 30. Rxe1 Rg8 31. Qxh5+ Kg7 32. Rg1+ Kf8 33. Rxg8+ Kxg8 34. Qg6+ Kh8 35. Qxf6+ Kg8 36. Qe7 b4 37. h5 bxa3 38. h6 axb2+ 39. Kxb2 a5 40. Qg7# 1-0

[Event "GER-ch Youth U10 2020"]
[Site "Willingen"]
[Date "2020.10.29"]
[Round "4.25"]
[White "Mündörfer, Sebastian"]
[Black "Meng, Yuxuan"]
[Result "0-1"]
[ECO "A58"]
[WhiteElo "1175"]
[BlackElo "1515"]
[Annotator "NA RC"]
[PlyCount "72"]
[EventDate "2020.10.27"]
[EventType "swiss"]
[EventRounds "7"]
[EventCountry "GER"]
[SourceTitle "playchess.com"]
[Source "ChessBase"]
[SourceQuality "1"]
[TimeControl "40/4500+30:900+30"]

1. d4 Nf6 2. c4 c5 3. d5 b5 4. cxb5 a6 5. bxa6 g6 6. g3 d6 7. Bg2 Bg7 8. Nf3 O-O 9. O-O Nxa6 10. Nc3 Bd7 11. Bd2 Qb6 12. Qc1 Nc7 13. e4 Nb5 14. Nxb5 Bxb5 15. Re1 Rfb8 16. Bh6 Bh8 17. b3 Ng4 18. Bg5 Bxa1 19. Qxa1 f6 20. Bd2 c4 21. bxc4 Qxf2+ 22. Kh1 Bxc4 23. h3 Ne5 24. Nxe5 dxe5 25. a3 Qxd2 26. Rd1 Qa2 27. Qxa2 Bxa2 28. Ra1 Rb1+ 29. Rxb1 Bxb1 30. g4 Rxa3 31. h4 Ra4 32. h5 Bxe4 33. hxg6 Bxg2+ 34. Kxg2 Rxg4+ 35. Kh3 Rxg6 36. Kh2 e4 0-1

[Event "GER-ch Youth U10 2020"]
[Site "Willingen"]
[Date "2020.10.29"]
[Round "4.26"]
[White "Hellenbroich, Hanno"]
[Black "Deiringer, Julius"]
[Result "1-0"]
[ECO "C54"]
[WhiteElo "1291"]
[BlackElo "1332"]
[Annotator "NA RC"]
[PlyCount "63"]
[EventDate "2020.10.27"]
[EventType "swiss"]
[EventRounds "7"]
[EventCountry "GER"]
[SourceTitle "playchess.com"]
[Source "ChessBase"]
[SourceQuality "1"]
[TimeControl "40/4500+30:900+30"]

1. e4 e5 2. Nf3 Nc6 3. Bc4 Bc5 4. c3 Nf6 5. d3 d6 6. O-O a6 7. Bb3 Ba7 8. Nbd2 O-O 9. Re1 Re8 10. Nf1 h6 11. Ng3 Be6 12. Bc2 d5 13. exd5 Bxd5 14. Nf5 Qd7 15. d4 e4 16. N3h4 Ne7 17. Nxe7+ Qxe7 18. Nf5 Qe6 19. Ng3 Rad8 20. b3 b5 21. Kh1 Qc6 22. Bd2 e3 23. Rxe3 Bxg2+ 24. Kg1 Rxe3 25. Bxe3 Bh3 26. f3 Qxc3 27. Bf2 Bxd4 28. Bxd4 Rxd4 29. Qc1 Rd2 30. Bh7+ Nxh7 31. Qxc3 Rg2+ 32. Kh1 1-0

[Event "GER-ch Youth U10 2020"]
[Site "Willingen"]
[Date "2020.10.29"]
[Round "4.27"]
[White "Kamleiter, Noah"]
[Black "Yin, Vito"]
[Result "1/2-1/2"]
[ECO "C77"]
[WhiteElo "1573"]
[BlackElo "1320"]
[Annotator "NA RC"]
[PlyCount "93"]
[EventDate "2020.10.27"]
[EventType "swiss"]
[EventRounds "7"]
[EventCountry "GER"]
[SourceTitle "playchess.com"]
[Source "ChessBase"]
[SourceQuality "1"]
[TimeControl "40/4500+30:900+30"]

1. e4 e5 2. Nf3 Nc6 3. Bb5 a6 4. Ba4 Nf6 5. d4 Nxe4 6. O-O Be7 7. Nxe5 Nxe5 8. dxe5 Nc5 9. Bb3 Nxb3 10. axb3 d5 11. Nc3 c6 12. Re1 Be6 13. Re3 d4 14. Rd3 c5 15. Ne2 Qc7 16. Bf4 Rd8 17. Rg3 Rg8 18. Qd3 g6 19. Rd1 h5 20. h3 Rg7 21. Bh6 Rg8 22. f4 h4 23. Rf3 Bf5 24. Qd2 Be4 25. Rf2 Qc6 26. Nc1 b5 27. Qe2 c4 28. bxc4 bxc4 29. Rff1 Bc5 30. Kh2 Bf5 31. Bg5 Rd7 32. Bxh4 Qa4 33. b3 cxb3 34. cxb3 Qc6 35. Nd3 Bf8 36. Rc1 Qa8 37. Qc2 Be7 38. Bf6 Be6 39. Bxe7 Rxe7 40. Qa2 g5 41. Qa4+ Bd7 42. Qxd4 Bb5 43. Rc2 gxf4 44. Rxf4 Rc7 45. Rff2 Rd7 46. Qc5 Rxd3 47. Qc8+ 1/2-1/2

[Event "GER-ch Youth U10 2020"]
[Site "Willingen"]
[Date "2020.10.29"]
[Round "4.28"]
[White "Bock, Leonas"]
[Black "Peters, Lasse"]
[Result "1-0"]
[ECO "D05"]
[WhiteElo "1301"]
[BlackElo "1223"]
[Annotator "NA RC"]
[PlyCount "59"]
[EventDate "2020.10.27"]
[EventType "swiss"]
[EventRounds "7"]
[EventCountry "GER"]
[SourceTitle "playchess.com"]
[Source "ChessBase"]
[SourceQuality "1"]
[TimeControl "40/4500+30:900+30"]

1. d4 d5 2. Nf3 Nf6 3. e3 e6 4. Bd3 Bd6 5. b3 b6 6. Bb2 Bb7 7. O-O O-O 8. Nbd2 Nbd7 9. c4 c5 10. Rc1 Rc8 11. Ne5 Ne4 12. f3 f6 13. fxe4 fxe5 14. exd5 exd4 15. Qh5 g6 16. Bxg6 hxg6 17. Qxg6+ Kh8 18. Qh6+ Kg8 19. Qxe6+ Kh8 20. Qxd6 Qg5 21. Qg3 Qe7 22. exd4 Kh7 23. dxc5 Nxc5 24. d6 Qd7 25. Nf3 Bxf3 26. Rxf3 Rxf3 27. Qxf3 Qxd6 28. Qh5+ Qh6 29. Qf7+ Qg7 30. Qxg7# 1-0

[Event "GER-ch Youth U10 2020"]
[Site "Willingen"]
[Date "2020.10.30"]
[Round "5.1"]
[White "Besou, Hussain"]
[Black "Buchinger, Alexis"]
[Result "1-0"]
[ECO "B01"]
[WhiteElo "1825"]
[BlackElo "1496"]
[Annotator "NA RC"]
[PlyCount "89"]
[EventDate "2020.10.27"]
[EventType "swiss"]
[EventRounds "7"]
[EventCountry "GER"]
[SourceTitle "playchess.com"]
[Source "ChessBase"]
[SourceQuality "1"]
[TimeControl "40/4500+30:900+30"]

1. e4 d5 2. exd5 Qxd5 3. Nc3 Qa5 4. d4 Nf6 5. Nf3 Bf5 6. Bc4 e6 7. O-O Nc6 {[%emt 0:01:35] B01: Scandinavian Defence.} 8. Qe2 (8. Bf4 $14) 8... O-O-O 9. Be3 {[%emt 0:00:33] [#]} Bb4 $2 $146 {[%emt 0:01:40] [#]} ({Predecessor:} 9... Bg4 $11 10. Rfd1 Qh5 11. a3 Bd6 12. h3 Bxh3 13. Ne5 Bg4 14. f3 Nxe5 15. dxe5 Bxe5 16. Bxa7 {0-1 (25) Leite,T (1662)-Simoes,L (2051) Rio de Janeiro 2016}) 10. Nb5 $1 Nd5 11. c3 Be7 {[%emt 0:02:35] [#]} 12. b4 (12. a4 $1 $18) 12... Qb6 13. Bd2 a6 {[%emt 0:01:08] [#]} 14. Na3 ({Only move:} 14. a4 $1 $16 axb5 15. axb5) 14... h6 (14... a5 $11) 15. Bd3 g5 $2 (15... Bg4 $16) 16. Bxf5 exf5 17. Nc4 Qa7 18. Qd3 f4 19. Qf5+ Kb8 20. a4 ({Don't do} 20. Qxf7 $6 Bf6 $16) (20. Nfe5 $18) 20... Bf6 21. b5 Nce7 22. Qe4 a5 23. Rfb1 b6 (23... Nc8 $16 {was worth a try.}) 24. Nfe5 Bxe5 25. Nxe5 f5 26. Qc2 Nf6 27. Nf7 {[%emt 0:00:14] Double Attack} Qb7 28. Nxd8 ({Resist} 28. Nxh8 Rxh8 29. Re1 Rh7 $18) 28... Rxd8 29. Re1 Ng6 30. f3 Nh4 31. Bc1 Rg8 32. Qf2 Ka7 (32... Qd5 $142 33. Kh1 Rc8) 33. c4 g4 (33... Rd8 $142 34. Ba3 Rg8) 34. Qxh4 {[%emt 0:00:21] Double Attack} gxf3 35. Ra2 Ng4 36. Bxf4 fxg2 37. Qe7 Nxh2 38. Bxh2 Kb8 39. d5 f4 40. Bxf4 Rg4 41. Qd8+ Ka7 42. Qxc7 Rxf4 43. Qxf4 Qg7 44. d6 Qc3 45. Qf7+ 1-0

[Event "GER-ch Youth U10 2020"]
[Site "Willingen"]
[Date "2020.10.30"]
[Round "5.2"]
[White "Dordevic, Tom"]
[Black "Goldmann, David"]
[Result "0-1"]
[ECO "A45"]
[WhiteElo "1535"]
[BlackElo "1644"]
[Annotator "NA RC"]
[PlyCount "162"]
[EventDate "2020.10.27"]
[EventType "swiss"]
[EventRounds "7"]
[EventCountry "GER"]
[SourceTitle "playchess.com"]
[Source "ChessBase"]
[SourceQuality "1"]
[TimeControl "40/4500+30:900+30"]

1. d4 Nf6 2. Bf4 d5 3. e3 c5 4. c3 Nc6 5. Nd2 e6 6. Ngf3 Be7 7. Bd3 O-O 8. Ne5 Nxe5 9. dxe5 Nd7 10. Nf3 f5 11. h4 c4 12. Bc2 Nc5 13. Ng5 g6 14. g4 h6 15. Nf3 g5 16. hxg5 hxg5 17. Bg3 Kg7 18. gxf5 exf5 19. Nd4 Rh8 20. Rxh8 Qxh8 21. Nxf5+ Bxf5 22. Bxf5 Rf8 23. Bg4 Nd3+ 24. Ke2 Qh7 25. Qh1 Qxh1 26. Rxh1 Nxb2 27. Rb1 Ba3 28. Be6 Rd8 29. f4 gxf4 30. exf4 d4 31. Bh4 Rf8 32. Bf6+ Rxf6 33. exf6+ Kxf6 34. Bc8 Na4 35. Kd2 Nxc3 36. Rxb7 Ne4+ 37. Ke1 c3 38. Rc7 Bc5 39. Ba6 c2 40. Rxc5 Nxc5 41. Kd2 d3 42. Bxd3 Nxd3 43. Kxc2 Nxf4 44. Kc3 Ke7 45. Kc4 Kd7 46. Kb5 Kc7 47. Kc5 Ne6+ 48. Kb5 Kb7 49. Ka5 a6 50. Ka4 Kb6 51. Kb4 a5+ 52. Kc4 Nc7 53. Kb3 Kb5 54. Ka3 Nd5 55. Kb3 a4+ 56. Ka3 Nb6 57. Kb2 Kb4 58. Ka1 Ka3 59. Kb1 Nc8 60. Ka1 Nd6 61. Kb1 Ne8 62. Ka1 Nd6 63. Kb1 Nf5 64. Ka1 Ne3 65. Kb1 Nd5 66. Ka1 Nb4 67. Kb1 Nxa2 68. Ka1 Nb4 69. Kb1 Kb3 70. Ka1 a3 71. Kb1 a2+ 72. Kc1 a1=Q+ 73. Kd2 Qd4+ 74. Ke2 Qd3+ 75. Kf2 Kc4 76. Kg2 Kd4 77. Kf2 Qe3+ 78. Kg2 Ke4 79. Kh1 Qd2 80. Kg1 Kf3 81. Kh1 Qg2# 0-1

[Event "GER-ch Youth U10 2020"]
[Site "Willingen"]
[Date "2020.10.30"]
[Round "5.3"]
[White "Neuhoff, Laertes"]
[Black "Lu, Yunong Elias"]
[Result "1-0"]
[ECO "B14"]
[WhiteElo "1655"]
[BlackElo "1521"]
[Annotator "NA RC"]
[PlyCount "71"]
[EventDate "2020.10.27"]
[EventType "swiss"]
[EventRounds "7"]
[EventCountry "GER"]
[SourceTitle "playchess.com"]
[Source "ChessBase"]
[SourceQuality "1"]
[TimeControl "40/4500+30:900+30"]

1. e4 c6 2. d4 d5 3. exd5 cxd5 4. c4 Nf6 5. Nc3 g6 6. cxd5 Nxd5 7. Bc4 Nb6 8. Bb3 Nc6 9. d5 Na5 10. Ba4+ Nxa4 11. Qxa4+ Bd7 12. Qd4 f6 13. b4 Bg7 14. bxa5 O-O 15. Nge2 Rc8 16. O-O Qxa5 17. Bd2 f5 18. Qd3 Qb6 19. Rab1 Qc7 20. Bf4 Qc4 21. Qxc4 Rxc4 22. Rxb7 Bc8 23. Rc7 Rxc7 24. Bxc7 Ba6 25. Rb1 Kf7 26. Rb8 Bc4 27. Rxf8+ Bxf8 28. Kf1 Ke8 29. Ke1 Kd7 30. Bb8 a6 31. Kd2 e6 32. dxe6+ Bxe6 33. Kd3 Kc6 34. Nd4+ Kd7 35. Nxe6 Kxe6 36. Kc4 1-0

[Event "GER-ch Youth U10 2020"]
[Site "Willingen"]
[Date "2020.10.30"]
[Round "5.4"]
[White "Herrmann, Jakob"]
[Black "Nönnig, Jakob"]
[Result "1-0"]
[ECO "C44"]
[WhiteElo "1504"]
[BlackElo "1442"]
[Annotator "NA RC"]
[PlyCount "91"]
[EventDate "2020.10.27"]
[EventType "swiss"]
[EventRounds "7"]
[EventCountry "GER"]
[SourceTitle "playchess.com"]
[Source "ChessBase"]
[SourceQuality "1"]
[TimeControl "40/4500+30:900+30"]

1. e4 e5 2. Nf3 Nc6 3. d4 exd4 4. Bc4 Bb4+ 5. Bd2 Bxd2+ 6. Qxd2 Nf6 7. e5 Qe7 8. O-O Ne4 9. Qf4 Nc5 10. Nxd4 Nxd4 11. Qxd4 O-O 12. Nc3 Ne6 13. Qe3 c6 14. Ne4 b5 15. Bxe6 dxe6 16. Nd6 Bb7 17. b4 a5 18. Qb6 Rfb8 19. a3 Ra6 20. Qc5 Rd8 21. Rfd1 h6 22. Rd3 axb4 23. Qxb4 Ra4 24. Qc5 Rg4 25. Nxb7 Rd7 26. Qxe7 Rxe7 27. Rd8+ Kh7 28. Nd6 f6 29. Rc8 fxe5 30. Rxc6 Rd4 31. Nxb5 Rd5 32. c4 Rd2 33. Nc7 Rf7 34. Rf1 e4 35. Nxe6 Rf6 36. c5 Rd3 37. Ra6 Rc3 38. a4 Rc2 39. Nd4 Rcxf2 40. Rxf6 Rxf6 41. Rxf6 gxf6 42. c6 Kg6 43. c7 h5 44. c8=Q e3 45. Qg8+ Kh6 46. Nf5# 1-0

[Event "GER-ch Youth U10 2020"]
[Site "Willingen"]
[Date "2020.10.30"]
[Round "5.5"]
[White "Aniol, Nico"]
[Black "Thümler, Floris"]
[Result "1-0"]
[ECO "B09"]
[WhiteElo "1417"]
[BlackElo "1295"]
[Annotator "NA RC"]
[PlyCount "57"]
[EventDate "2020.10.27"]
[EventType "swiss"]
[EventRounds "7"]
[EventCountry "GER"]
[SourceTitle "playchess.com"]
[Source "ChessBase"]
[SourceQuality "1"]
[TimeControl "40/4500+30:900+30"]

1. e4 d6 2. d4 Nf6 3. Nc3 g6 4. f4 Bg7 5. Nf3 c5 6. dxc5 Qa5 7. cxd6 Nxe4 8. Bb5+ Bd7 9. Bxd7+ Nxd7 10. Bd2 Nxc3 11. bxc3 Bxc3 12. Qe2 e6 13. O-O Qc5+ 14. Be3 Qxd6 15. Rad1 Qc7 16. Bd4 O-O 17. Bxc3 Qxc3 18. Rxd7 Rac8 19. Rxb7 Rfd8 20. Kh1 Rc7 21. Rxc7 Qxc7 22. h3 Qxf4 23. Ne5 Rd2 24. Qb5 Qe4 25. Qe8+ Kg7 26. Qxf7+ Kh6 27. Ng4+ Kg5 28. Qe7+ Kh5 29. Nf6+ 1-0

[Event "GER-ch Youth U10 2020"]
[Site "Willingen"]
[Date "2020.10.30"]
[Round "5.6"]
[White "Kullmann, Max"]
[Black "Kullmann, Theo"]
[Result "1-0"]
[ECO "D37"]
[WhiteElo "1375"]
[BlackElo "1632"]
[Annotator "NA RC"]
[PlyCount "87"]
[EventDate "2020.10.27"]
[EventType "swiss"]
[EventRounds "7"]
[EventCountry "GER"]
[SourceTitle "playchess.com"]
[Source "ChessBase"]
[SourceQuality "1"]
[TimeControl "40/4500+30:900+30"]

1. d4 d5 2. c4 e6 3. Nc3 Nf6 4. Nf3 Nbd7 5. Bf4 Be7 6. e3 O-O 7. Bd3 dxc4 8. Bxc4 a6 9. O-O b5 10. Bd3 Bb7 11. Rc1 Rc8 12. Be2 Nb6 13. Ne5 Bd6 14. Bf3 Bxf3 15. Qxf3 Bxe5 16. Bxe5 Nfd7 17. Bf4 Nc4 18. Rc2 c5 19. b3 Na3 20. Rcc1 cxd4 21. exd4 b4 22. Ne4 Qb6 23. Bd6 Rfd8 24. Be7 Re8 25. Nd6 Qb8 26. Qxf7+ Kh8 27. Rxc8 Rxc8 28. Nxc8 Qxc8 29. Qxe6 Nb5 30. Bxb4 Nxd4 31. Qd5 Ne2+ 32. Kh1 Nf4 33. Qe4 Ng6 34. Re1 Nf6 35. Qe3 Qb7 36. Bc3 Nh4 37. Qg3 Nf5 38. Qd3 Nh6 39. Bxf6 gxf6 40. Qd8+ Ng8 41. Re8 h5 42. Rxg8+ Kh7 43. Rh8+ Kg6 44. Qe8+ 1-0

[Event "GER-ch Youth U10 2020"]
[Site "Willingen"]
[Date "2020.10.30"]
[Round "5.7"]
[White "Marcziter, Alex"]
[Black "Braun, Julian"]
[Result "1-0"]
[ECO "C57"]
[WhiteElo "1401"]
[BlackElo "1441"]
[Annotator "NA RC"]
[PlyCount "75"]
[EventDate "2020.10.27"]
[EventType "swiss"]
[EventRounds "7"]
[EventCountry "GER"]
[SourceTitle "playchess.com"]
[Source "ChessBase"]
[SourceQuality "1"]
[TimeControl "40/4500+30:900+30"]

1. e4 e5 2. Nf3 Nc6 3. Bc4 Nf6 4. Ng5 d5 5. exd5 Nd4 6. c3 b5 7. Bf1 Nxd5 8. Nf3 Nxf3+ 9. Qxf3 a6 10. d3 Rb8 11. Nd2 Bb7 12. Qg3 Nf6 13. Qxe5+ Be7 14. Nb3 O-O 15. Qg3 Bd6 16. Qh3 Re8+ 17. Be3 Nd5 18. Kd2 Qf6 19. Re1 Nxe3 20. fxe3 b4 21. d4 bxc3+ 22. bxc3 Bd5 23. Bd3 h6 24. Rhf1 Qg5 25. Rf5 Bxg2 26. Rxg5 Bxh3 27. Ra5 Bc8 28. Re2 Rb6 29. Rg2 Bb7 30. Rf2 Re7 31. Raf5 Bc8 32. Rh5 Bg4 33. Rh4 Be6 34. c4 Bb4+ 35. Kc2 Be1 36. Rhf4 Bxf2 37. Rxf2 g5 38. Rg2 1-0

[Event "GER-ch Youth U10 2020"]
[Site "Willingen"]
[Date "2020.10.30"]
[Round "5.8"]
[White "Xue, Luka"]
[Black "Aweh, Mads"]
[Result "1-0"]
[ECO "A46"]
[WhiteElo "1473"]
[BlackElo "1328"]
[Annotator "NA RC"]
[PlyCount "57"]
[EventDate "2020.10.27"]
[EventType "swiss"]
[EventRounds "7"]
[EventCountry "GER"]
[SourceTitle "playchess.com"]
[Source "ChessBase"]
[SourceQuality "1"]
[TimeControl "40/4500+30:900+30"]

1. Nf3 Nf6 2. d4 e6 3. Bg5 Be7 4. e3 d5 5. Bd3 h6 6. Bh4 Nbd7 7. O-O O-O 8. Nbd2 b6 9. c3 Bb7 10. Ne5 Nxe5 11. dxe5 Nd7 12. Bxe7 Qxe7 13. f4 Rfd8 14. Qg4 c5 15. Nf3 Rac8 16. Rad1 Nf8 17. Bb1 Rd7 18. Nh4 Ba6 19. Rf2 Rcd8 20. f5 Bc8 21. f6 g6 22. fxe7 Rxe7 23. Rdf1 Ba6 24. Nxg6 fxg6 25. Rxf8+ Rxf8 26. Qxg6+ Rg7 27. Qxe6+ Rff7 28. Qe8+ Rf8 29. Rxf8# 1-0

[Event "GER-ch Youth U10 2020"]
[Site "Willingen"]
[Date "2020.10.30"]
[Round "5.9"]
[White "Schuricht, Emil Frederick"]
[Black "Stichter, Constantin"]
[Result "1-0"]
[ECO "D35"]
[WhiteElo "1451"]
[BlackElo "1476"]
[Annotator "NA RC"]
[PlyCount "65"]
[EventDate "2020.10.27"]
[EventType "swiss"]
[EventRounds "7"]
[EventCountry "GER"]
[SourceTitle "playchess.com"]
[Source "ChessBase"]
[SourceQuality "1"]
[TimeControl "40/4500+30:900+30"]

1. d4 d5 2. c4 e6 3. Nc3 Nf6 4. cxd5 exd5 5. Bg5 Be7 6. e3 c6 7. Bd3 O-O 8. Nge2 Nbd7 9. O-O Re8 10. f3 Nf8 11. Bh4 Ne6 12. Bf2 b6 13. Ng3 g6 14. f4 Bd6 15. Qc2 Ng7 16. Nce2 Bb7 17. f5 Ng4 18. fxg6 hxg6 19. Bxg6 fxg6 20. Qxg6 Qh4 21. h3 Nxf2 22. Rxf2 Be7 23. Rf7 Qh7 24. Qxh7+ Kxh7 25. Nh5 Kg6 26. Rxg7+ Kxh5 27. Rf1 Bc8 28. Rff7 Bg5 29. Nf4+ Bxf4 30. exf4 Ba6 31. g4+ Kh4 32. Kg2 Re2+ 33. Kf3 1-0

[Event "GER-ch Youth U10 2020"]
[Site "Willingen"]
[Date "2020.10.30"]
[Round "5.10"]
[White "Bangert, Jonas"]
[Black "Burkart, Lloyd Shang"]
[Result "0-1"]
[ECO "A46"]
[WhiteElo "1549"]
[BlackElo "1508"]
[Annotator "NA RC"]
[PlyCount "76"]
[EventDate "2020.10.27"]
[EventType "swiss"]
[EventRounds "7"]
[EventCountry "GER"]
[SourceTitle "playchess.com"]
[Source "ChessBase"]
[SourceQuality "1"]
[TimeControl "40/4500+30:900+30"]

1. d4 Nf6 2. Nf3 c5 3. c3 Qc7 4. Bg5 d5 5. e3 e6 6. Nbd2 Nbd7 7. Be2 Bd6 8. Bh4 c4 9. Qc2 b5 10. a3 Bb7 11. Bxf6 Nxf6 12. b4 a6 13. O-O O-O 14. Rfb1 Bc6 15. Qc1 a5 16. Bd1 Rfb8 17. Bc2 h6 18. Qe1 Ne4 19. Nf1 Kf8 20. Bxe4 dxe4 21. N3d2 Ra6 22. Qd1 Rba8 23. h3 Qa7 24. Qc2 f5 25. Ra2 axb4 26. cxb4 Rxa3 27. Rab2 Bd5 28. Rc1 c3 29. Rbb1 cxd2 30. Nxd2 Qa4 31. Qb2 Ra2 32. Qc3 Qa3 33. Nb3 Bxb4 34. Qc7 Bxb3 35. Qd7 Be7 36. Rc7 Bd5 37. Rb3 Ra1+ 38. Kh2 Qd6+ 0-1

[Event "GER-ch Youth U10 2020"]
[Site "Willingen"]
[Date "2020.10.30"]
[Round "5.11"]
[White "Zhang, Yibo"]
[Black "Barthel, Jacob"]
[Result "0-1"]
[ECO "C54"]
[WhiteElo "1299"]
[BlackElo "1231"]
[Annotator "NA RC"]
[PlyCount "192"]
[EventDate "2020.10.27"]
[EventType "swiss"]
[EventRounds "7"]
[EventCountry "GER"]
[SourceTitle "playchess.com"]
[Source "ChessBase"]
[SourceQuality "1"]
[TimeControl "40/4500+30:900+30"]

1. e4 e5 2. Nf3 Nc6 3. Bc4 Bc5 4. c3 Nf6 5. d3 d6 6. O-O Bg4 7. Re1 h6 8. Nbd2 O-O 9. Nf1 Re8 10. h3 Bxf3 11. Qxf3 Qe7 12. Ng3 Na5 13. Bb5 c6 14. Ba4 b5 15. Bc2 d5 16. b4 dxe4 17. dxe4 Bxb4 18. cxb4 Qxb4 19. Bxh6 Qc5 20. Rac1 Qd6 21. Nf5 Qd8 22. Bxg7 Re6 23. Bh6 Nh7 24. Qg3+ Rg6 25. Qa3 c5 26. Qxc5 Nc6 27. Bb3 Rc8 28. Qd5 Qf6 29. Be3 Ng5 30. Rxc6 Rxc6 31. Qxc6 Qxc6 32. Ne7+ Kg7 33. Nxc6 Nf3+ 34. Kf1 Nxe1 35. Nxe5 Rxg2 36. Kxe1 Rh2 37. Bh6+ Kh7 38. Nxf7 Kg6 39. Ne5+ Kh5 40. Be6 Rh1+ 41. Ke2 Kxh6 42. Bd7 Ra1 43. Be6 Kg5 44. Bd5 Rh1 45. Nf3+ Kf4 46. Nh4 Rxh3 47. Ng2+ Ke5 48. f4+ Kd4 49. f5 Ke5 50. Ne3 Rh2+ 51. Kd3 Rh3 52. Ke2 Rh2+ 53. Kf3 Rh3+ 54. Kf2 Kf4 55. Ng2+ Ke5 56. Kg1 a5 57. Kf2 b4 58. Kg1 a4 59. Kf2 a3 60. Kg1 b3 61. Bxb3 Rxb3 62. Ne1 Rb1 63. Kf1 Ra1 64. Kf2 Rxa2+ 65. Ke3 Rh2 66. Nf3+ Kf6 67. Nxh2 a2 68. Ng4+ Ke7 69. e5 a1=Q 70. f6+ Ke6 71. Ke4 Qa4+ 72. Kf3 Qd1+ 73. Kf4 Qd4+ 74. Kf3 Kf5 75. Ne3+ Kg5 76. f7 Qf4+ 77. Ke2 Qxf7 78. Kd3 Kf4 79. Nc4 Qd5+ 80. Kc3 Ke4 81. e6 Qxe6 82. Nd2+ Kd5 83. Kd3 Qh3+ 84. Ke2 Kd4 85. Nf3+ Kc4 86. Ke3 Kd5 87. Ke2 Qg4 88. Ke3 Qg3 89. Ke2 Ke4 90. Nd2+ Kf4 91. Nc4 Qc3 92. Nd2 Qc2 93. Ke1 Ke3 94. Nf1+ Kd3 95. Ng3 Qg2 96. Kd1 Qd2# 0-1